 Dungeon Crawl Stone Soup version 0.29.0-11-gd7f09526c8 (webtiles) character file.

Game seed: 9558231478859296098

591 gelatine the Chopper (level 7, -6/60 HPs)
             Began as a Minotaur Fighter on Sept 5, 2022.
             Mangled by Pikel
             ... wielding a +0 whip of electrocution
              (18 damage)
             ... on level 5 of the Dungeon.
             The game lasted 00:08:54 (4569 turns).

gelatine the Chopper (Minotaur Fighter)             Turns: 4569, Time: 00:08:55

Health: -6/60      AC: 12    Str: 23    XL:     7   Next: 16%
Magic:  6/6        EV:  8    Int:  5    God:
Gold:   177        SH:  4    Dex:  9    Spells: 6/6 levels left

rFire   . . .      SeeInvis .   a - +0 war axe
rCold   . . .      Faith    .   c - +0 buckler
rNeg    . . .      Spirit   .   y - +0 chain mail
rPois   .          Reflect  .   (helmet restricted)
rElec   .          Harm     .   u - +0 cloak
rCorr   .          Rampage  .   C - +0 pair of gloves
Will    .....                   (no boots)
Stlth   ..........              (no amulet)
HPRegen 0.20/turn               (no ring)
MPRegen 0.10/turn               (no ring)

@: no status effects
A: horns 2, retaliatory headbutt
a: no special abilities


You were on level 5 of the Dungeon.
You visited 1 branch of the dungeon, and saw 5 of its levels.

You collected 177 gold pieces.

Inventory:

Hand Weapons
 a - a +0 war axe (weapon)
Missiles
 D - 3 boomerangs (quivered)
Armour
 b - a +0 scale mail
 c - a +0 buckler (worn)
 u - a +0 cloak (worn)
 v - a +0 tower shield
 y - a +0 chain mail (worn)
 C - a +0 pair of gloves (worn)
Wands
 B - a wand of digging (6)
Scrolls
 f - 10 scrolls of identify {unknown}
 h - 2 scrolls of teleportation {unknown}
 i - 3 scrolls of vulnerability {unknown}
 j - a scroll of magic mapping {unknown}
 k - a scroll of brand weapon {unknown}
 m - a scroll of amnesia {unknown}
 o - a scroll of fear {unknown}
 q - a scroll of immolation {unknown}
 r - 2 scrolls of blinking {unknown}
 w - 2 scrolls of butterflies {unknown}
 x - 2 scrolls of poison {unknown}
 A - 2 scrolls of enchant armour {unknown}
 E - a scroll of torment {unknown}
Potions
 d - a potion of might
 e - 2 potions of ambrosia {unknown}
 g - 2 potions of mutation {unknown}
 l - a potion of degeneration {unknown}
 n - a potion of cancellation {unknown}
 p - 4 potions of curing {unknown}
 s - 2 potions of lignification {unknown}
 t - 3 potions of attraction {unknown}
 z - a potion of flight {unknown}


   Skills:
 + Level 4.9 Fighting
 + Level 6.3 Axes
 + Level 5.3 Armour
 * Level 2.8 Dodging
 + Level 1.0 Stealth
 + Level 4.5 Shields


You had 6 spell levels left.
You didn't know any spells.
Your spell library was empty.

Dungeon Overview and Level Annotations

Branches:
Dungeon (5/15)
 Temple: D:4-7

Altars:
Hepliaklqana
Qazlal
Trog
Yredelemnul

Annotations:
D:5 Pikel


Innate Abilities, Weirdness & Mutations

You have a pair of horns on your head.
You reflexively headbutt those who attack you in melee.


Message History

The lemure is heavily wounded.
The lemure barely misses you. The lemure hits you but does no damage.
You hit the lemure but do no damage. Your headbutt misses the lemure.
The lemure is moderately wounded.
The lemure hits you but does no damage.
You barely miss the lemure. You headbutt the lemure.
The lemure is severely wounded.
The lemure hits you but does no damage.
You hit the lemure but do no damage.
The lemure is severely wounded.
A lemure comes into view.
You closely miss Pikel.
The lemure shouts!
You hit Pikel. You headbutt Pikel.
Pikel is lightly wounded.
Pikel zaps a wand.
The puff of flame hits you.
Pikel zaps a wand.
The puff of flame hits you!
You closely miss Pikel. Your headbutt misses Pikel.
Pikel is lightly wounded.
Pikel hits you with a +0 whip of electrocution.
You closely miss Pikel. Your headbutt misses Pikel.
Pikel is lightly wounded.
Pikel hits you but does no damage.
You barely miss Pikel.
Pikel is lightly wounded.
Pikel hits you but does no damage.
You are electrocuted!
You slash Pikel!
Pikel is heavily wounded.
Pikel hits you with a +0 whip of electrocution.
You are electrocuted!
* * * LOW HITPOINT WARNING * * *
You hit Pikel but do no damage. Your headbutt misses Pikel.
Pikel is heavily wounded.
Pikel zaps a wand.
The puff of flame misses you. Pikel closely misses you.
You hit Pikel but do no damage.
Pikel is heavily wounded.
Pikel hits you with a +0 whip of electrocution.
* * * LOW HITPOINT WARNING * * *
You are electrocuted!!
You die...

.#. #.# .# .5.
...<#### #5#
........ #5#
#############.
#5# #.......#
#.# #K#
#.......# ##.#
#@# #.......#
#..# #.#
#.......# #...
#.#
#.......###...
#.#
#.........†...
#.#
#.......######
###.###########
#... #......###
#.#. #........#
#...
#...##.#.####
##.#


You could see Pikel and 4 lemures.

Vanquished Creatures
  An ogre (D:4)
  A bullfrog (D:3)
  The ghost of Tollund the Trooper, a weakling MiFi of Makhleb (D:3)
  A hound (D:5)
  A jelly (D:2)
  Crazy Yiuf (D:2)
  An orc priest (D:4)
  3 iguanas
  An orc wizard (D:4)
  Terence (D:3)
  6 adders
  An ufetubus (D:5)
  5 worms
  4 orcs
  5 endoplasms
  3 giant cockroaches
  8 hobgoblins
  4 kobolds
  5 quokkas
  4 ball pythons (D:1)
  10 bats
  4 frilled lizards
  2 goblins
  4 rats
77 creatures vanquished.

Vanquished Creatures (others)
  4 fungi (D:1)
  5 plants (D:1)
9 creatures vanquished.

Grand Total: 86 creatures vanquished

Notes
Turn   | Place    | Note
-------+----------+-------------------------------------------
     0 | D:1      | gelatine the Minotaur Fighter began the quest for the Orb.
     0 | D:1      | Reached XP level 1. HP: 19/19 MP: 0/0
    40 | D:1      | Found a faded altar of an unknown god.
   197 | D:1      | Reached XP level 2. HP: 23/27 MP: 1/1
   467 | D:1      | You fall into a shaft and drop 1 floor!
   574 | D:2      | Reached skill level 3 in Axes
   574 | D:2      | Reached XP level 3. HP: 14/33 MP: 2/2
  1015 | D:1      | Reached skill level 1 in Dodging
  1451 | D:2      | Reached XP level 4. HP: 37/41 MP: 3/3
  1606 | D:2      | Found a basalt altar of Yredelemnul.
  1959 | D:2      | Found a runed translucent door.
  1960 | D:2      | Noticed Crazy Yiuf
  1966 | D:2      | Killed Crazy Yiuf
  2252 | D:3      | Found a stormy altar of Qazlal.
  2254 | D:3      | Noticed an air elemental
  2255 | D:3      | Noticed a water elemental
  2256 | D:3      | Noticed a fire elemental
  2256 | D:3      | Noticed an earth elemental
  2300 | D:3      | Found a runed translucent door.
  2303 | D:3      | Noticed a bullfrog
  2305 | D:3      | Noticed Tollund's ghost (weakling MiFi)
  2483 | D:3      | Reached skill level 4 in Axes
  2586 | D:3      | Noticed Terence
  2593 | D:3      | Reached XP level 5. HP: 47/47 MP: 4/4
  2595 | D:3      | Killed Terence
  3028 | D:3      | Killed Tollund's ghost
  3029 | D:3      | Reached skill level 5 in Axes
  3029 | D:3      | Reached XP level 6. HP: 46/53 MP: 5/5
  3149 | D:4      | Reached skill level 5 in Armour
  3644 | D:4      | Reached skill level 1 in Stealth
  3758 | D:4      | Reached skill level 6 in Axes
  3812 | D:4      | Found a bloodstained altar of Trog.
  3815 | D:4      | Found a hazy altar of Hepliaklqana.
  4156 | D:5      | Entered Level 5 of the Dungeon
  4301 | D:5      | Reached XP level 7. HP: 27/60 MP: 6/6
  4556 | D:5      | Noticed Pikel
  4569 | D:5      | Mangled by Pikel

Illustrated notes

Levels and vault maps discovered:
D:1:      beargit_arrival_greenhouse, layout_basic,
          shapermc_ecumenical_altar_mp_ritualfount
D:2:      layout_loops_ring, basic_altar, kennysheep_generic_room_4,
          uniq_crazy_yiuf_cottage
D:3:      layout_loops_cross, nicolae_qazlal_style_of_elements,
          ebering_ghost_sewer_d, uniq_terence
D:4:      layout_cave_pods, nicolae_overflow_hidden_temple
D:5:      layout_loops_cross, uniq_pikel

Skill      XL: |  1  2  3  4  5  6 |
---------------+-------------------+-----
Shields        | 4 |  4.5
Fighting       | 4 |  4.9
Armour         | 4 5 |  5.3
Axes           | 3 4 5 6 |  6.3
Dodging        | 1 2 |  2.8
Stealth        | 1 |  1.0

Action                   |  1- 3 |  4- 6 |  7- 9 || total
-------------------------+-------+-------+-------++-------
Melee: War axe           |    55 |   133 |    22 ||   210
       Headbutt          |     5 |    23 |     5 ||    33
Armor: Scale mail        |    29 |    23 |       ||    52
       Chain mail        |       |    46 |    12 ||    58
Dodge: Dodged            |    35 |    58 |     6 ||    99
Block: Buckler           |    11 |    28 |     1 ||    40
